[Event "Titled Tuesday Blitz April 26 Early 2022"]
[White "Dubov, Daniil"]
[Black "Bacrot, Etienne"]
[WhiteFideId "24126055"]
[BlackFideId "605506"]
[WhiteElo "2791"]
[BlackElo "2673"]
[Result "1-0"]
[Round "07"]
[TimeControl "180+1"]
[Date "2022.04.26"]
[WhiteClock "0:00:44"]
[BlackClock "0:00:05"]

1. d4 d5 2. c4 e6 3. Nf3 Nf6 4. g3 Be7 5. Bg2 O-O 6. O-O dxc4 7. Qc2 b6 8. Bg5 Nd5 9. Bxe7 Qxe7 10. Nbd2 Ba6 11. Nxc4 c5 12. Rac1 Rc8 13. Nce5 f6 14. Nd3 Nd7 15. Qa4 Bxd3 16. exd3 Rc7 17. Rfe1 Rac8 18. Bh3 Nf8 19. dxc5 Rxc5 20. Rxc5 Rxc5 21. Nd4 e5 22. Nf5 Qc7 23. d4 Rc1 24. Rxc1 Qxc1+ 25. Bf1 g6 26. Qb3 gxf5 27. Qxd5+ Kg7 28. dxe5 Qxb2 29. e6 Qb4 30. Qb7+ 1-0


[Site "https://www.chess.com"]

[Event "Titled Tuesday Blitz April 26 Early 2022"]
[White "Fajdetic, Hrvoje"]
[Black "Avazkhonov, Alikhon"]
[WhiteFideId "14501945"]
[BlackFideId "14208504"]
[WhiteElo "2172"]
[BlackElo "1739"]
[Result "0-1"]
[Round "07"]
[TimeControl "180+1"]
[Date "2022.04.26"]
[WhiteClock "0:00:02"]
[BlackClock "0:00:02"]

1. d4 d5 2. Bf4 Nf6 3. e3 e6 4. Nf3 Bd6 5. Bg3 O-O 6. Bd3 c5 7. c3 b6 8. Qe2 Bb7 9. Nbd2 Nc6 10. e4 dxe4 11. Nxe4 Nxe4 12. Qxe4 g6 13. Bh4 Be7 14. Bxe7 Qxe7 15. dxc5 Qxc5 16. O-O Rad8 17. Rfd1 Rd5 18. Bc4 Rxd1+ 19. Rxd1 Na5 20. Qh4 Bxf3 21. Rd4 Bd5 22. b4 Qxc4 23. Rxc4 Nxc4 24. Qe7 a5 25. h4 h5 26. g4 hxg4 27. h5 Ne5 28. h6 Nd7 29. Qxd7 Kh7 30. Qe7 Rh8 31. Qxf7+ Kxh6 32. Qf6 Rc8 33. a4 axb4 34. cxb4 Rc1+ 35. Kh2 Kh5 36. Qe5+ Kh4 0-1


[Site "https://www.chess.com"]

[Event "Titled Tuesday Blitz April 26 Early 2022"]
[White "Fernandez Hernandez, Gerardo"]
[Black "Chincholimath, Halsagar"]
[WhiteFideId "2207400"]
[BlackFideId "5022487"]
[WhiteElo "2180"]
[BlackElo "1737"]
[Result "1-0"]
[Round "07"]
[TimeControl "180+1"]
[Date "2022.04.26"]
[WhiteClock "0:00:15"]
[BlackClock "0:00:49"]

1. e4 d5 2. exd5 Qxd5 3. Nc3 Qd8 4. d4 Nf6 5. Nf3 Bg4 6. h3 Bxf3 7. Qxf3 c6 8. Be3 e6 9. O-O-O Bb4 10. Bg5 Qa5 11. Bxf6 gxf6 12. Qxf6 Bxc3 13. Qxh8+ Ke7 14. bxc3 Qxc3 15. Qe5 Nd7 16. Qe3 Qa5 17. Bc4 b5 18. Bb3 Qa3+ 19. Kb1 a5 20. d5 cxd5 21. Bxd5 Qb4+ 22. Qb3 Qc5 23. Bxa8 a4 24. Rxd7+ Kxd7 25. Rd1+ Ke7 26. Qd3 Qc7 27. Qxb5 Kf6 28. h4 Kg7 29. Qg5+ Kf8 30. Rd8+ Qxd8 31. Qxd8+ Kg7 32. Qg5+ Kf8 33. c4 a3 34. Qe3 h6 35. Qxa3+ Kg7 36. Qb3 h5 37. a4 f5 38. a5 Kg6 39. a6 e5 40. Bf3 e4 41. Bxh5+ Kxh5 42. a7 Kg4 43. a8=Q f4 44. Qg8+ Kf5 45. Qb5+ 1-0


[Site "https://www.chess.com"]

[Event "Titled Tuesday Blitz April 26 Early 2022"]
[White "Fernandez Siles, Luis"]
[Black "Iljin, Timofey"]
[WhiteFideId "2209420"]
[BlackFideId "14110180"]
[WhiteElo "2212"]
[BlackElo "2396"]
[Result "1/2-1/2"]
[Round "07"]
[TimeControl "180+1"]
[Date "2022.04.26"]
[WhiteClock "0:01:25"]
[BlackClock "0:02:03"]

1. d4 d5 2. c4 e6 3. Nc3 Bb4 4. Nf3 Nf6 5. Bg5 h6 6. Bxf6 Qxf6 7. Qa4+ Nc6 8. e3 O-O 9. cxd5 exd5 10. Be2 Be6 11. O-O a6 12. Rfc1 Bd6 13. Qd1 Qe7 14. Na4 Rad8 15. Nc5 Bc8 16. Qb3 Qe8 17. Nxb7 Bxb7 18. Qxb7 Nb4 19. a3 Rb8 20. Qa7 Ra8 21. Qb7 Rb8 22. Qa7 Ra8 23. Qb7 Rb8 1/2-1/2


[Site "https://www.chess.com"]

[Event "Titled Tuesday Blitz April 26 Early 2022"]
[White "Fiorito, Fabian"]
[Black "Manukian, Artak"]
[WhiteFideId "100200"]
[BlackFideId "13301373"]
[WhiteElo "2395"]
[BlackElo "2346"]
[Result "1-0"]
[Round "07"]
[TimeControl "180+1"]
[Date "2022.04.26"]
[WhiteClock "0:02:13"]
[BlackClock "0:00:12"]

1. d4 d5 2. Nc3 c6 3. Bf4 Bf5 4. e3 Nf6 5. f3 e6 6. g4 Bg6 7. h4 h5 8. g5 Nfd7 9. Bd3 Bxd3 10. Qxd3 g6 11. e4 Bg7 12. exd5 exd5 13. Bd6 Nf8 14. Bxf8 Kxf8 15. O-O-O Na6 16. a3 Qd7 17. Nge2 Nc7 18. f4 Re8 19. Rdf1 Qf5 20. Qxf5 gxf5 21. Ng3 Bxd4 22. Nd1 Ne6 23. Nxf5 Kg8 24. Ng3 Bb6 25. f5 Nd4 26. Re1 Kg7 27. Nxh5+ Kh7 28. Nf6+ 1-0


[Site "https://www.chess.com"]

[Event "Titled Tuesday Blitz April 26 Early 2022"]
[White "Hamley, Ryan"]
[Black "Ambartsumova, Karina"]
[WhiteFideId "30959497"]
[BlackFideId "4166299"]
[WhiteElo "2441"]
[BlackElo "2262"]
[Result "0-1"]
[Round "07"]
[TimeControl "180+1"]
[Date "2022.04.26"]
[WhiteClock "0:00:55"]
[BlackClock "0:01:00"]

1. d4 Nf6 2. c4 g6 3. Nc3 Bg7 4. e4 O-O 5. h3 d6 6. Be3 a6 7. g4 c6 8. Nge2 b5 9. Ng3 bxc4 10. Bxc4 d5 11. exd5 Nxd5 12. Nxd5 cxd5 13. Be2 e5 14. O-O Nc6 15. dxe5 Nxe5 16. Bd4 Bb7 17. Re1 Qh4 18. Kg2 Rfe8 19. Rc1 Qe7 20. Qb3 Qd7 21. Qb6 Nc4 22. Qc5 Rec8 23. Qb4 Bxd4 24. b3 Bc5 25. Qc3 d4+ 0-1


[Site "https://www.chess.com"]

[Event "Titled Tuesday Blitz April 26 Early 2022"]
[White "Hartikainen, Jarmo"]
[Black "Martin, Lewis"]
[WhiteFideId "503134"]
[BlackFideId "410551"]
[WhiteElo "2113"]
[BlackElo "2145"]
[Result "0-1"]
[Round "07"]
[TimeControl "180+1"]
[Date "2022.04.26"]
[WhiteClock "0:00:04"]
[BlackClock "0:00:04"]

1. e4 c5 2. c3 d5 3. exd5 Qxd5 4. d4 Nf6 5. Nf3 Bg4 6. Be2 e6 7. Na3 Nc6 8. O-O cxd4 9. Nb5 O-O-O 10. Nbxd4 Nxd4 11. Nxd4 Bxe2 12. Qxe2 Bc5 13. Nb3 Bb6 14. Be3 Qe5 15. Qc4+ Bc7 16. g3 Qd5 17. Qa4 a6 18. Nc5 Nd7 19. Nxd7 Qxd7 20. Qc4 Kb8 21. Qc5 Qb5 22. Qxb5 axb5 23. Rfd1 Rxd1+ 24. Rxd1 Rd8 25. Rxd8+ Bxd8 26. h4 Kc7 27. Kg2 Kc6 28. Kf3 Kd5 29. Ke2 Kc4 30. b3+ Kxc3 31. Bf4 Kb2 32. Be5+ Kxa2 33. Bxg7 Kxb3 34. h5 Kc4 35. Kd2 b4 36. Kc2 b3+ 37. Kb2 Bb6 38. f3 Bf2 39. g4 f5 40. g5 Be3 41. g6 hxg6 42. hxg6 Bc5 43. Bf6 Bf8 44. g7 Bxg7 45. Bxg7 Kd3 46. Kxb3 Ke3 47. Be5 Kxf3 48. Kc3 Ke4 49. Bc7 e5 50. Kd2 f4 51. Ke2 Kd4 52. Kd2 b5 53. Ba5 f3 54. Bb6+ Ke4 55. Ke1 Kf4 56. Bc5 e4 57. Kf2 Ke5 58. Bb4 Kd4 59. Ba5 Kd3 60. Bb6 b4 61. Bd8 b3 62. Bf6 Kc2 63. Ke3 b2 64. Bxb2 Kxb2 65. Kxe4 f2 66. Kd5 f1=Q 67. Ke6 Qe2+ 68. Kd5 Kc3 69. Kc5 Kd3 70. Kd5 Qe4+ 71. Kc5 Kc3 72. Kd6 Kc4 73. Kd7 Qe5 74. Kc6 Qe6+ 75. Kc7 Kc5 76. Kd8 Qf7 77. Kc8 Kc6 78. Kd8 Qd7# 0-1


[Site "https://www.chess.com"]

[Event "Titled Tuesday Blitz April 26 Early 2022"]
[White "Hasangatin, Ramil"]
[Black "Rustemov, Alexander"]
[WhiteFideId "4122160"]
[BlackFideId "4119002"]
[WhiteElo "2375"]
[BlackElo "2840"]
[Result "1-0"]
[Round "07"]
[TimeControl "180+1"]
[Date "2022.04.26"]
[WhiteClock "0:00:26"]
[BlackClock "0:00:01"]

1. d4 d5 2. Nf3 Nf6 3. c3 Bf5 4. Qb3 b6 5. Bf4 e6 6. e3 Bd6 7. Bxd6 Qxd6 8. c4 O-O 9. Nc3 c5 10. dxc5 bxc5 11. Rd1 Rd8 12. Be2 Nc6 13. O-O Rab8 14. Qa3 Qe7 15. Nh4 d4 16. Nxf5 exf5 17. Nd5 Qd6 18. Nxf6+ Qxf6 19. Bf3 Qd6 20. exd4 Nxd4 21. Bd5 Qb6 22. Kh1 a5 23. b3 Re8 24. Qc1 g6 25. Rfe1 Kg7 26. Re3 Qf6 27. Rde1 Rxe3 28. fxe3 Ne6 29. Qa3 Qc3 30. Qc1 Qxc1 31. Rxc1 Kf6 32. Kg1 Ke5 33. Kf2 Rb4 34. Ke2 a4 35. Rb1 axb3 36. axb3 f6 37. Kd2 Ng5 38. Kc2 Ne4 39. Ra1 f4 40. exf4+ Kxf4 41. Rf1+ Ke5 42. Bxe4 Kxe4 43. Rxf6 Rb7 44. Re6+ Kd4 45. Rd6+ Ke3 46. Rd5 Rc7 47. Kc3 h5 48. Rd3+ Kf2 49. Rg3 Rc6 50. Rg5 h4 51. h3 Ke3 52. Rg4 Kf2 53. b4 cxb4+ 54. Kxb4 Re6 55. c5 Re2 56. c6 Rb2+ 57. Kc5 Rc2+ 58. Kb6 Rb2+ 59. Ka7 Ra2+ 60. Kb7 Rb2+ 61. Kc8 Rc2 62. c7 Ke3 63. Rxg6 Kf2 64. Rg4 Rc3 65. Rg7 Kg1 66. Kd8 1-0


[Site "https://www.chess.com"]

[Event "Titled Tuesday Blitz April 26 Early 2022"]
[White "Haukenfrers, Dale"]
[Black "Dixit, Nikhil"]
[WhiteFideId "2603780"]
[BlackFideId "5059534"]
[WhiteElo "2047"]
[BlackElo "2223"]
[Result "0-1"]
[Round "07"]
[TimeControl "180+1"]
[Date "2022.04.26"]
[WhiteClock "0:00:01"]
[BlackClock "0:00:03"]

1. f3 Nf6 2. c3 g6 3. e4 d6 4. Nh3 Bg7 5. Nf2 O-O 6. d4 e5 7. Bc4 c6 8. a3 d5 9. exd5 cxd5 10. Ba2 exd4 11. cxd4 Re8+ 12. Kf1 Nc6 13. Nc3 b6 14. Bg5 Ba6+ 15. Kg1 h6 16. Bh4 g5 17. Bg3 Nh5 18. Bxd5 Nxd4 19. f4 Nxf4 20. Bxf4 gxf4 21. h4 Rc8 22. Nfe4 f3 23. gxf3 Rxc3 24. Nxc3 Qd6 25. Kg2 Nf5 26. Bxf7+ Kxf7 27. Qxd6 Nxd6 28. Rad1 Nf5 29. Rd7+ Kg6 30. Rxa7 Bxc3 31. Rxa6 Re2+ 32. Kh3 Be5 33. h5+ Kxh5 34. Rxb6 Ne3 35. Rb5 Nf5 36. f4 Re3+ 37. Kg2+ Kg4 38. Rxe5 Rd3 39. Re2 h5 40. Rf1 h4 41. Kh2 Ng3 42. Rg2 h3 0-1


[Site "https://www.chess.com"]

[Event "Titled Tuesday Blitz April 26 Early 2022"]
[White "Hernandez Bermudez, Ulises Eduardo"]
[Black "Wartiovaara, Oliver"]
[WhiteFideId "3902510"]
[BlackFideId "513024"]
[WhiteElo "2056"]
[BlackElo "1971"]
[Result "1-0"]
[Round "07"]
[TimeControl "180+1"]
[Date "2022.04.26"]
[WhiteClock "0:01:28"]
[BlackClock "0:01:26"]

1. e4 Nf6 2. Nc3 d5 3. e5 Nfd7 4. d4 c5 5. Nxd5 e6 6. Nc3 cxd4 7. Qxd4 Nc6 8. Qd1 Ndxe5 9. Qxd8+ Kxd8 10. Bf4 Bb4 11. O-O-O+ Ke7 12. Ne4 h6 13. Nf3 Nxf3 14. gxf3 e5 15. Be3 f5 16. Bc5+ Bxc5 17. Nxc5 b6 18. Nd3 Be6 19. Bg2 f4 20. Rhe1 Kf6 21. Bf1 Rac8 22. Kb1 Nd4 23. Rxe5 Nxf3 24. Rxe6+ Kxe6 25. Bh3+ Kf6 26. Bxc8 Rxc8 27. Nxf4 g5 28. Nd5+ Ke5 29. Ne3 h5 30. Rd5+ Kf4 31. c3 h4 32. Kc2 Rh8 33. Kd3 Nxh2 34. Rf5# 1-0


[Site "https://www.chess.com"]

[Event "Titled Tuesday Blitz April 26 Early 2022"]
[White "Hoffmann, Asa"]
[Black "Aaditya Dhingra"]
[WhiteFideId "2001470"]
[BlackFideId "25678191"]
[WhiteElo "2117"]
[BlackElo "1849"]
[Result "0-1"]
[Round "07"]
[TimeControl "180+1"]
[Date "2022.04.26"]
[WhiteClock "0:00:42"]
[BlackClock "0:00:31"]

1. d4 e6 2. e4 c5 3. d5 exd5 4. exd5 d6 5. Nc3 Nf6 6. Be2 g6 7. Nf3 Bg7 8. O-O O-O 9. h3 a6 10. a4 Nbd7 11. Bf4 Qc7 12. Nd2 Re8 13. Nc4 Bf8 14. Qd2 Ne4 15. Nxe4 Rxe4 16. b3 Rd4 17. Qe3 Nf6 18. Bf3 Bf5 19. g4 Bxc2 20. Rac1 Re8 21. Qc3 Rxf4 22. Rxc2 b5 23. axb5 axb5 24. Nd2 Bg7 25. Qd3 Qb8 26. Rd1 Rd4 27. Qf1 Nxd5 28. Bxd5 Rxd5 29. Nf3 Rxd1 30. Qxd1 Qa8 31. Kg2 Bd4 32. Rd2 Qe4 33. Kg3 Be5+ 34. Kg2 Bf4 35. Rd3 h5 36. gxh5 gxh5 37. Rd5 Re6 38. Rxh5 Qg6+ 0-1


[Site "https://www.chess.com"]

[Event "Titled Tuesday Blitz April 26 Early 2022"]
[White "Ibrahimli, Murad"]
[Black "Deac, Bogdan-Daniel"]
[WhiteFideId "13410229"]
[BlackFideId "1226380"]
[WhiteElo "2109"]
[BlackElo "2648"]
[Result "1/2-1/2"]
[Round "07"]
[TimeControl "180+1"]
[Date "2022.04.26"]
[WhiteClock "0:00:17"]
[BlackClock "0:00:09"]

1. d4 Nf6 2. Nf3 d5 3. c4 e6 4. Nc3 dxc4 5. e4 Bb4 6. Bxc4 Nxe4 7. O-O Nf6 8. Qe2 O-O 9. Bg5 Be7 10. Rad1 Nbd7 11. Rd3 Nb6 12. Bb3 Nfd5 13. Bc1 Nb4 14. Re3 N6d5 15. Re4 b6 16. Rd1 Ba6 17. Qd2 Bb7 18. Rg4 Kh8 19. Ne5 f5 20. Rg3 Bf6 21. a3 Nxc3 22. bxc3 Bxe5 23. dxe5 Qxd2 24. Bxd2 Nd5 25. c4 Ne7 26. Bb4 Rfe8 27. Rd7 Ng6 28. Rxc7 Be4 29. h4 f4 30. Rc3 Nxe5 31. f3 Bf5 32. Bd6 Nd3 33. Bc2 Rad8 34. Rc6 Nc5 35. Bxf4 Bxc2 36. Rxc2 Rc8 37. Rxc8 Rxc8 38. Rd2 Kg8 39. Be5 Kf7 40. h5 h6 41. Rd4 g5 42. Kh2 Kf8 43. Kg3 Kf7 44. Kg4 Kf8 45. f4 gxf4 46. Rxf4+ Ke7 47. Bf6+ Kd6 48. Bh4 Rg8+ 49. Kh3 Nd7 50. Rd4+ Kc6 51. Rg4 Rxg4 52. Kxg4 Ne5+ 53. Kf4 Nxc4 54. Bf6 Nd6 55. g4 Nf7 56. g5 hxg5+ 57. Bxg5 Kd5 58. h6 b5 59. h7 a5 60. Bf6 b4 61. axb4 axb4 62. h8=Q Nxh8 63. Bxh8 b3 64. Be5 Kc4 65. Ke4 Kb4 66. Bb2 Kc4 67. Ke5 Kd3 68. Kxe6 Kc2 69. Be5 b2 70. Bxb2 1/2-1/2


[Site "https://www.chess.com"]

[Event "Titled Tuesday Blitz April 26 Early 2022"]
[White "Itkis, Boris"]
[Black "Estrada Nieto, Julian"]
[WhiteFideId "1209167"]
[BlackFideId "5101018"]
[WhiteElo "2207"]
[BlackElo "2252"]
[Result "1-0"]
[Round "07"]
[TimeControl "180+1"]
[Date "2022.04.26"]
[WhiteClock "0:00:14"]
[BlackClock "0:00:11"]

1. b3 d5 2. Nf3 Nf6 3. e3 Bg4 4. Bb2 Nbd7 5. h3 Bxf3 6. Qxf3 e5 7. Nc3 c6 8. d3 Bb4 9. a3 Ba5 10. b4 Bc7 11. Qe2 Qe7 12. g4 h6 13. Bg2 O-O-O 14. b5 Rhe8 15. O-O e4 16. dxe4 Nxe4 17. bxc6 Nb6 18. cxb7+ Kb8 19. Nb5 Be5 20. Bxe5+ Qxe5 21. Nd4 Kxb7 22. a4 Nc4 23. Rfb1+ Ka8 24. Rb4 Ned6 25. Rab1 Rc8 26. Qf3 f6 27. Qxd5+ Qxd5 28. Bxd5+ 1-0


[Site "https://www.chess.com"]

[Event "Titled Tuesday Blitz April 26 Early 2022"]
[White "Jaferian, Koosha"]
[Black "Costachi, Mihnea"]
[WhiteFideId "12507440"]
[BlackFideId "1217518"]
[WhiteElo "2030"]
[BlackElo "2476"]
[Result "0-1"]
[Round "07"]
[TimeControl "180+1"]
[Date "2022.04.26"]
[WhiteClock "0:01:58"]
[BlackClock "0:02:33"]

1. Nf3 d5 2. b3 Bg4 3. Bb2 Nd7 4. d4 c6 5. e3 e6 6. Be2 f5 7. O-O Ngf6 8. Nbd2 Bd6 9. c4 O-O 10. Ne5 Bxe2 11. Qxe2 Ne4 12. f4 Bxe5 13. fxe5 Qe7 14. a4 Qb4 15. Nxe4 fxe4 16. Qc2 Rxf1+ 17. Rxf1 Rf8 18. Rxf8+ Kxf8 19. cxd5 Qe1# 0-1


[Site "https://www.chess.com"]

[Event "Titled Tuesday Blitz April 26 Early 2022"]
[White "Jakubowski, Krzysztof"]
[Black "Avalos Parra, Joao"]
[WhiteFideId "1112848"]
[BlackFideId "3402541"]
[WhiteElo "2365"]
[BlackElo "2173"]
[Result "1-0"]
[Round "07"]
[TimeControl "180+1"]
[Date "2022.04.26"]
[WhiteClock "0:01:05"]
[BlackClock "0:00:10"]

1. e4 c6 2. d4 d5 3. exd5 cxd5 4. Bd3 Nc6 5. c3 Qc7 6. Na3 a6 7. Nc2 Nf6 8. Ne2 Bg4 9. f3 Bh5 10. Bf4 Qb6 11. Qd2 e6 12. O-O-O Be7 13. g4 Bg6 14. h4 Bxd3 15. Qxd3 Rc8 16. Kb1 Na5 17. h5 Nc4 18. Bc1 Nd7 19. g5 Bxg5 20. b3 Bxc1 21. Kxc1 Nd6 22. Rdg1 Kf8 23. Rg2 Qa5 24. Kb2 b5 25. Rhg1 g6 26. Rh1 Ke7 27. Nf4 Rb8 28. Nb4 Rbc8 29. hxg6 fxg6 30. Nxg6+ hxg6 31. Rxh8 Qxb4 32. Rh7+ 1-0


[Site "https://www.chess.com"]

[Event "Titled Tuesday Blitz April 26 Early 2022"]
[White "Janaszak, Dawid"]
[Black "Chernomordik, Pavel"]
[WhiteFideId "1119206"]
[BlackFideId "2804530"]
[WhiteElo "2199"]
[BlackElo "2220"]
[Result "0-1"]
[Round "07"]
[TimeControl "180+1"]
[Date "2022.04.26"]
[WhiteClock "0:00:09"]
[BlackClock "0:00:10"]

1. e4 g6 2. Nc3 Bg7 3. Bc4 e6 4. d4 Ne7 5. Bg5 h6 6. Bh4 g5 7. Bg3 d5 8. exd5 exd5 9. Bb3 c6 10. Nf3 Nf5 11. Be5 f6 12. Bxb8 Rxb8 13. O-O O-O 14. Ne2 h5 15. c3 Re8 16. Ng3 Nxg3 17. hxg3 Bf5 18. Bc2 Qd7 19. Ne1 Bg4 20. Qd3 Be2 21. Qh7+ Kf8 22. Nd3 Bxf1 23. Rxf1 b6 24. Qxh5 Qf7 25. Qh7 Re2 26. Bd1 Rd2 27. Nb4 Qe6 28. Bc2 a5 29. Bf5 Qe2 30. Nxc6 Re8 31. Ne5 fxe5 32. Bd7 Re7 33. Qf5+ Rf7 34. Qe6 Bf6 35. Qe8+ Kg7 36. Be6 Rf8 37. Qd7+ Kh8 38. Bf5 Qh5 39. g4 Qh6 40. dxe5 Bxe5 41. g3 Bd6 42. Qe6 Qxe6 43. Bxe6 Bc5 44. Bxd5 Rxd5 0-1


[Site "https://www.chess.com"]

[Event "Titled Tuesday Blitz April 26 Early 2022"]
[White "Jarocka, Liwia"]
[Black "Zia, Tahsin Tajwar"]
[WhiteFideId "21807558"]
[BlackFideId "10211888"]
[WhiteElo "1896"]
[BlackElo "1800"]
[Result "0-1"]
[Round "07"]
[TimeControl "180+1"]
[Date "2022.04.26"]
[WhiteClock "0:00:19"]
[BlackClock "0:00:38"]

1. e4 c6 2. d4 d5 3. Nc3 dxe4 4. Nxe4 Nf6 5. Nxf6+ gxf6 6. c3 Qd5 7. Nf3 Bg4 8. Be2 Nd7 9. Qb3 Nb6 10. Be3 e6 11. O-O Rg8 12. Kh1 Bd6 13. Qxd5 Nxd5 14. h3 Bf5 15. Nh4 Be4 16. Bf3 f5 17. Be2 Nxe3 18. fxe3 Rg3 19. Nf3 O-O-O 20. Rae1 Rdg8 21. Rf2 f4 22. exf4 Bxf4 23. Bf1 f5 24. Nd2 Rxh3+ 0-1


[Site "https://www.chess.com"]

[Event "Titled Tuesday Blitz April 26 Early 2022"]
[White "Jobava, Baadur"]
[Black "Alekseenko, Kirill"]
[WhiteFideId "13601520"]
[BlackFideId "4135539"]
[WhiteElo "2617"]
[BlackElo "2682"]
[Result "0-1"]
[Round "07"]
[TimeControl "180+1"]
[Date "2022.04.26"]
[WhiteClock "0:00:22"]
[BlackClock "0:00:22"]

1. e4 e5 2. Nf3 Nc6 3. d4 exd4 4. Nxd4 Qf6 5. Nxc6 Bc5 6. Qf3 Qxf3 7. gxf3 bxc6 8. Be3 Bxe3 9. fxe3 g6 10. h4 h5 11. Nd2 d6 12. Bc4 Nf6 13. Rg1 Nd7 14. f4 Nb6 15. Bb3 Bg4 16. Kf2 a5 17. a3 a4 18. Ba2 Ra5 19. Nf3 Bxf3 20. Kxf3 Ke7 21. Rg5 Rha8 22. Rag1 Nd7 23. Rxa5 Rxa5 24. Rg5 Nc5 25. Bc4 Ra8 26. c3 Rb8 27. Rg2 Rb6 28. f5 Kf6 29. Kf4 Nd7 30. fxg6 fxg6 31. Rd2 Ne5 32. Be2 c5 33. Kg3 Rb8 34. Kf4 g5+ 35. hxg5+ Kg6 36. Bd1 Rf8+ 37. Kg3 Kxg5 38. Rh2 Ng4 39. Rh4 Rf1 40. Rxh5+ Kxh5 41. Bxg4+ Kg5 42. Bd7 Rb1 43. Bxa4 Rxb2 44. c4 Ra2 45. Bc6 Rxa3 46. Kf3 Rc3 47. Bd5 Kf6 48. Kf4 Rc2 49. e5+ dxe5+ 50. Ke4 Rc3 51. Bg8 c6 52. Kf3 Kf5 53. Bh7+ Kg5 54. Bg8 Ra3 55. Ke4 Kf6 56. Kf3 Ra7 57. Ke4 Rg7 0-1


[Site "https://www.chess.com"]

[Event "Titled Tuesday Blitz April 26 Early 2022"]
[White "Jumabayev, Rinat"]
[Black "Jaracz, Pawel"]
[WhiteFideId "13702661"]
[BlackFideId "1102222"]
[WhiteElo "2561"]
[BlackElo "2429"]
[Result "1/2-1/2"]
[Round "07"]
[TimeControl "180+1"]
[Date "2022.04.26"]
[WhiteClock "0:00:03"]
[BlackClock "0:00:02"]

1. d4 Nf6 2. c4 e6 3. Nf3 Bb4+ 4. Bd2 Be7 5. Nc3 d5 6. g3 Nbd7 7. Qb3 Nb6 8. c5 Nc4 9. Bf4 O-O 10. e3 b6 11. c6 a5 12. Bxc4 dxc4 13. Qxc4 Ba6 14. Nb5 Bb4+ 15. Ke2 Ne4 16. a4 g5 17. Be5 g4 18. Nh4 Nd2 19. Qd3 f6 20. Bf4 e5 21. Rhd1 exf4 22. Rxd2 Bxd2 23. Kxd2 fxe3+ 24. fxe3 Qd5 25. Rc1 Bxb5 26. axb5 a4 27. e4 Qe6 28. Nf5 a3 29. bxa3 Ra4 30. Ke3 Re8 31. Kf4 Qa2 32. Kxg4 Qxh2 33. Qb3+ Kh8 34. Re1 Rg8+ 35. Kf3 Rga8 36. Re3 Qh1+ 37. Kf4 h5 38. Rf3 Rxa3 39. Qxa3 Rxa3 40. Rxa3 Qc1+ 41. Re3 Qf1+ 42. Rf3 Qxb5 43. d5 Qb2 44. Ke3 b5 45. Rf2 Qe5 46. Rh2 Kg8 47. Rxh5 Qc3+ 48. Kf4 Qd2+ 49. Kf3 Qd1+ 50. Ke3 Qxh5 51. d6 Qg5+ 52. Ke2 cxd6 53. c7 Qh5+ 54. Ke3 Qe8 55. c8=Q Qxc8 56. Ne7+ Kf7 57. Nxc8 Ke6 58. Nb6 b4 59. Kd4 b3 60. Nc4 f5 61. exf5+ Kxf5 62. Kc3 Kg4 63. Nxd6 b2 64. Kb3 Kxg3 65. Kxb2 1/2-1/2


[Site "https://www.chess.com"]

[Event "Titled Tuesday Blitz April 26 Early 2022"]
[White "Kadam, Om Manish"]
[Black "Bristy, Mukherjee"]
[WhiteFideId "45076294"]
[BlackFideId "25077325"]
[WhiteElo "1729"]
[BlackElo "1661"]
[Result "0-1"]
[Round "07"]
[TimeControl "180+1"]
[Date "2022.04.26"]
[WhiteClock "0:01:42"]
[BlackClock "0:00:05"]

1. e4 g6 2. d4 Bg7 3. Nf3 c5 4. dxc5 Qa5+ 5. c3 Qxc5 6. Be3 Qa5 7. Nbd2 d6 8. Bc4 Nc6 9. O-O Nf6 10. h3 O-O 11. Qe2 h6 12. Rfe1 Ne5 13. Nxe5 Qxe5 14. Bd4 Qa5 15. e5 dxe5 16. Bxe5 Kh7 17. Nf3 Bf5 18. Nd4 Bd7 19. Rad1 Ba4 20. Rd2 Rac8 21. Nb3 Bxb3 22. Bxb3 e6 23. Red1 Rfd8 24. Bxf6 Bxf6 25. Bxe6 Rxd2 26. Rxd2 Re8 27. Rd7 Re7 28. Rxe7 Bxe7 29. Bxf7 Qd8 30. Qe4 Qd1+ 31. Kh2 Qd6+ 32. g3 Qf6 33. Bxg6+ Kh8 34. Bf5 b6 35. Kg2 Bc5 36. b4 Bf8 37. Qd3 Qc6+ 38. Be4 Qf6 39. c4 Bxb4 40. f4 Qb2+ 41. Kf3 Qxa2 42. Qd8+ Kg7 43. Qd7+ Kf8 44. Bd5 Qb3+ 45. Kg4 Qd1+ 46. Kf5 Qd3+ 47. Kf6 Bc3+ 48. Ke6 Qg6# 0-1


[Site "https://www.chess.com"]

[Event "Titled Tuesday Blitz April 26 Early 2022"]
[White "Kaminski, Victor"]
[Black "Seifert, Henryk"]
[WhiteFideId "1131630"]
[BlackFideId "1100963"]
[WhiteElo "2181"]
[BlackElo "2120"]
[Result "0-1"]
[Round "07"]
[TimeControl "180+1"]
[Date "2022.04.26"]
[WhiteClock "0:00:06"]
[BlackClock "0:00:02"]

1. e4 e6 2. d3 d5 3. Nd2 Nf6 4. g3 c5 5. Bg2 Nc6 6. Ngf3 Be7 7. O-O b6 8. Re1 Bb7 9. e5 Nd7 10. Qe2 Qc7 11. Nf1 O-O-O 12. h4 h6 13. Bf4 Rdg8 14. h5 g5 15. hxg6 fxg6 16. c4 g5 17. Bd2 g4 18. N3h2 Nd4 19. Qd1 dxc4 20. dxc4 Bxg2 21. Kxg2 Qc6+ 22. f3 h5 23. Bf4 h4 24. Qd3 hxg3 25. Bxg3 Rxh2+ 26. Nxh2 gxf3+ 27. Kf2 Bh4 28. Rg1 Rxg3 29. Rxg3 Nxe5 30. Qh7 Ng4+ 31. Nxg4 Bxg3+ 32. Kxg3 Nf5+ 33. Kf2 Qe4 34. Qh8+ Kb7 35. Qh7+ Ka6 36. Re1 Qxg4 37. Qh2 Nd4 38. Qg3 Qf5 39. Re5 Qc2+ 40. Kg1 Ne2+ 41. Rxe2 fxe2 42. Kf2 Qd1 43. Qa3+ Kb7 44. Qf3+ Kc7 45. Qf4+ Kd7 46. Qf7+ Kd6 47. Qf8+ Ke5 48. Qg7+ Ke4 49. Qg6+ Kd4 50. Qxe6 Kd3 51. Qd5+ Kc2 52. Qe4+ Kxb2 53. a4 Qd2 54. Qe5+ Kb3 55. Qe7 e1=Q+ 56. Kf3 Qf1+ 57. Kg4 Qdg2+ 58. Kh5 Qfh1+ 59. Qh4 Qf3+ 60. Kh6 Qxh4+ 61. Kg6 Qhg4+ 62. Kh7 Qfh3# 0-1


[Site "https://www.chess.com"]

[Event "Titled Tuesday Blitz April 26 Early 2022"]
[White "Kamsky, Gata"]
[Black "Seemann, Jakub"]
[WhiteFideId "2000024"]
[BlackFideId "21874697"]
[WhiteElo "2645"]
[BlackElo "2003"]
[Result "1-0"]
[Round "07"]
[TimeControl "180+1"]
[Date "2022.04.26"]
[WhiteClock "0:01:31"]
[BlackClock "0:00:03"]

1. d4 Nf6 2. Nf3 e6 3. Bf4 d5 4. e3 c5 5. c3 Bd6 6. Bb5+ Nc6 7. Bxc6+ bxc6 8. Bxd6 Qxd6 9. Qa4 O-O 10. Nbd2 cxd4 11. cxd4 c5 12. Qa3 Qa6 13. Qxa6 Bxa6 14. dxc5 Rfc8 15. b4 Rab8 16. a3 Nd7 17. Nb3 Bd3 18. Kd2 Be4 19. Rhc1 Bxf3 20. gxf3 Ne5 21. f4 Nc4+ 22. Rxc4 dxc4 23. Nd4 a5 24. Kc3 Kf8 25. Kxc4 Ke7 26. b5 Kd7 27. Rd1 Kc7 28. b6+ Kb7 29. Kb5 Ka8 30. c6 Rd8 31. c7 Rd5+ 32. Ka6 1-0


[Site "https://www.chess.com"]

[Event "Titled Tuesday Blitz April 26 Early 2022"]
[White "Karolczuk, Iwo"]
[Black "Le, Tuan Minh"]
[WhiteFideId "21816972"]
[BlackFideId "12401153"]
[WhiteElo "2277"]
[BlackElo "2450"]
[Result "1/2-1/2"]
[Round "07"]
[TimeControl "180+1"]
[Date "2022.04.26"]
[WhiteClock "0:00:10"]
[BlackClock "0:00:12"]

1. d4 d5 2. Nf3 Nf6 3. c4 c6 4. e3 Bf5 5. Bd3 Bg6 6. b3 e6 7. Qc2 Nbd7 8. Nbd2 a5 9. a3 Bd6 10. Bb2 O-O 11. Bxg6 hxg6 12. e4 dxe4 13. Nxe4 Nxe4 14. Qxe4 Qf6 15. O-O Rfe8 16. Rad1 Qf5 17. Qxf5 gxf5 18. Rfe1 Rad8 19. Kf1 f6 20. h4 g6 21. Rd3 Kf7 22. Red1 b5 23. Rc1 Rb8 24. cxb5 cxb5 25. Rc6 Rb6 26. Rdc3 Ke7 27. Ke2 b4 28. axb4 Bxb4 29. Rxb6 Nxb6 30. Rc7+ Nd7 31. Bc3 Kd6 32. Rc4 Bxc3 33. Rxc3 Rb8 34. Nd2 Rb5 35. Nc4+ Ke7 36. Kd3 e5 37. dxe5 fxe5 38. Kc2 Nf6 39. Rg3 Ne4 40. Rxg6 Nxf2 41. Rg5 Kf6 42. Rxf5+ Kxf5 43. Nd6+ Kg4 44. Nxb5 e4 45. Kd2 Nd3 46. Ke3 Nc5 47. Nd6 Nxb3 48. Nxe4 a4 49. Nc3 a3 50. Kd3 Kxh4 51. Kc2 Nc5 52. Kb1 Kg3 53. Ka2 Kxg2 54. Kxa3 1/2-1/2


[Site "https://www.chess.com"]